 Dungeon Crawl Stone Soup version 0.29.0-4-gdea44cf6ec (webtiles) character file.

Game seed: 13015548016221829130

33 qw the Sneak (level 3, -1/23 HPs)
             Began as a Gargoyle Delver on Sept 10, 2022.
             Killed from afar by an orc wizard (3 damage)
             ... with a magic dart
             ... on level 4 of the Dungeon.
             The game lasted 00:00:03 (282 turns).

qw the Sneak (Gargoyle Delver)                       Turns: 282, Time: 00:00:04

Health: -1/23      AC:  6    Str: 17    XL:     3   Next: 29%
Magic:  3/3        EV: 11    Int: 10    God:
Gold:   10         SH:  0    Dex: 11    Spells: 2/2 levels left

rFire   . . .      SeeInvis .   h - +0 war axe
rCold   . . .      Faith    .   (no shield)
rNeg    + . .      Spirit   .   b - +0 leather armour
rPois   inf        Reflect  .   (no helmet)
rElec   +          Harm     .   (no cloak)
rCorr   .          Rampage  .   (no gloves)
Will    .....                   (no boots)
Stlth   +++.......              (no amulet)
HPRegen 0.07/turn               (no ring)
MPRegen 0.08/turn               (no ring)

@: no status effects
A: sickness immunity, AC +3, negative energy resistance 1, electricity
resistance, torment resistance 1, petrification resistance
a: no special abilities


You were on level 4 of the Dungeon.
You visited 1 branch of the dungeon, and saw 2 of its levels.

You collected 10 gold pieces.


Innate Abilities, Weirdness & Mutations

You are immune to sickness and miasma.
Your stone body is resilient. (AC +3)
You are immune to poison.
You resist negative energy. (rN+)
You are resistant to electric shocks. (rElec)
You are resistant to unholy torment.
You are immune to petrification.


   Skills:
 - Level 3.2 Fighting
 + Level 3.3 Axes
 - Level 1.5 Dodging
 - Level 5.4 Stealth


You had 2 spell levels left.
You didn't know any spells.
Your spell library was empty.

Inventory:

Hand Weapons
 h - a +0 war axe (weapon)
Armour
 b - a +0 leather armour (worn)
Wands
 g - a wand of digging (3)
Potions
 f - a potion of haste

Dungeon Overview and Level Annotations

Branches:
Dungeon (5/15)
 Temple: D:4-7

Altars:


Message History

An orc priest comes into view. It is wielding a +0 club.
272 ||| Stepping ~*~*~tactically~*~*~ (hiding).
There is a stone staircase leading down here.
273 ||| Stepping ~*~*~tactically~*~*~ (hiding).
You hear some strange, mumbled words.
You are confused.
An orc comes into view. It is wielding a +0 trident.
You hear some strange, mumbled words.
Something tries to affect you, but you resist.
The orc moves out of view.
Something hits you.
You closely miss the kobold. You miss something.
The kobold hits you but does no damage. The orc barely misses you.
Something hits you. The kobold barely misses you.
You're too confused to move!
You feel less confused.
You hear some strange, mumbled words.
A magic dart appears from out of thin air!
The magic dart hits you. The orc closely misses you.
The kobold hits you but does no damage.
You closely miss the orc. You closely miss something. You hit the kobold.
Something hits you. The orc hits you but does no damage.
The kobold hits you with a +0 short sword.
You hit the kobold but do no damage.
The kobold is heavily wounded.
You hit something but do no damage. You slash the orc!
You kill the orc!
You hear some strange, mumbled words.
Something tries to affect you, but you resist.
The kobold hits you but does no damage.
You hit the kobold.
You kill the kobold!
You miss something. You barely miss the orc priest. Something hits you.
The orc priest hits you with a +0 club.
The orc hits you from afar with a +0 trident.
The orc priest hits you but does no damage.
You hear some strange, mumbled words.
A magic dart appears from out of thin air!
The magic dart hits you.
You die...

...........<.
............
#......o...#
#..<...o..##
.............
......... #.## .##
#..#..###.o##...#
#......##)@.....#
....##...>o){o....#
. #...........###
#............##
#...........)#
...#...##.....#
....###.####....#
... ### #....#
.....


You could see an orc priest and 2 orcs.

Vanquished Creatures
  A jelly (D:5)
  An orc (D:4)
  A kobold (D:4)
3 creatures vanquished.

Notes
Turn   | Place    | Note
-------+----------+-------------------------------------------
     0 | D:5      | qw the Gargoyle Delver began the quest for the Orb.
     0 | D:5      | Reached XP level 1. HP: 14/14 MP: 1/1
     0 | D:5      | 0 ||| qw: Version: 0.1-a-116-g5d60599
     0 | D:5      | 0 ||| qw: Game counter: 8139
     0 | D:5      | 0 ||| qw: Always use a shield: true
     0 | D:5      | 0 ||| qw: God list: Okawaru
     0 | D:5      | 0 ||| qw: Allow faded altars: false
     0 | D:5      | 0 ||| qw: Do Orc after D:15 true
     0 | D:5      | 0 ||| qw: Do second Lair branch before Depths: true
     0 | D:5      | 0 ||| qw: Lair rune preference: random
     0 | D:5      | 0 ||| qw: Plans: Normal
     0 | D:5      | 0 ||| PLANNING D:1-11
    16 | D:5      | 16 ||| SWAPPING to +0 war axe.
    17 | D:5      | 17 ||| DROPPING +0 hand axe.
    18 | D:5      | 18 ||| DROPPING scroll of fog.
    19 | D:5      | 19 ||| DROPPING scroll of magic mapping.
    20 | D:5      | 20 ||| DROPPING scroll of fear.
    25 | D:5      | Noticed a jelly
    35 | D:5      | Killed a jelly
    36 | D:5      | Reached skill level 3 in Axes
    36 | D:5      | Reached XP level 2. HP: 6/19 MP: 2/2
    36 | D:5      | Reached XP level 3. HP: 7/23 MP: 3/3
   266 | D:4      | 266 ||| Stepping ~*~*~tactically~*~*~ (stealth).
   272 | D:4      | 272 ||| Stepping ~*~*~tactically~*~*~ (hiding).
   273 | D:4      | 273 ||| Stepping ~*~*~tactically~*~*~ (hiding).
   282 | D:4      | HP: 2/23 [orc/+0 trident (5)]
   282 | D:4      | Killed from afar by an orc wizard

Levels and vault maps discovered:
D:4:      layout_cave_pools, gammafunk_temple_overflow_statue, uniq_pikel
D:5:      layout_cave_pools, serial_column_ruins, column_ruins_temple_circle,
          column_ruins_hut_ruined, column_ruins_grid_1, column_ruins_open_small,
          column_ruins_open_small, column_ruins_grid_4, minivault_24,
          uniq_edmund

Skill      XL: |  1 |
---------------+----+-----
Axes           | 3 |  3.3
Fighting       | |  3.2
Dodging        | |  1.5
Stealth        | |  5.4

Action                   || total
-------------------------++-------
Melee: War axe           ||    13
Armor: Leather armour    ||     8
Dodge: Dodged            ||     7

Table legend:
 A = Non-vault XP
 B = Vault XP
 C = Vault XP percentage of total XP
 D = Non-vault monster count
 E = Vault monster count
 F = Vault count percentage of total count
                 A         B        C        D         E       F
            +---------+---------+-------+---------+---------+-------
      Total |      50 |       0 |   0.0 |       3 |       0 |   0.0
            +---------+---------+-------+---------+---------+-------
        D:4 |       5 |       0 |   0.0 |       2 |       0 |   0.0
        D:5 |      45 |       0 |   0.0 |       1 |       0 |   0.0
            +---------+---------+-------+---------+---------+-------
